[Event "21st IPCA World Championship 2022"]
[Site "Ashdod"]
[Date "2022.05.10"]
[Round "3.12"]
[White "Shchukina, Ekaterina"]
[Black "Freiberg, Doron"]
[Result "1-0"]
[ECO "B31"]
[WhiteElo "1496"]
[BlackElo "1244"]
[Annotator "NA RC COMBH"]
[PlyCount "73"]
[EventDate "2022.05.09"]
[EventType "swiss"]
[EventCountry "ISR"]
[SourceTitle "playchess.com"]
[Source "ChessBase"]
[SourceQuality "1"]
[TimeControl "5400+30"]

1. e4 c5 2. Nf3 Nc6 3. Bb5 g6 4. O-O e6 5. Re1 Nge7 6. d4 cxd4 7. Nxd4 Bg7 8. c3 O-O 9. Bg5 a6 10. Bf1 Re8 11. Na3 Nxd4 12. cxd4 Qb6 13. Nc4 Qc7 14. e5 Nd5 15. Rc1 Qb8 16. Nd6 Rf8 17. Bc4 f6 18. Bxd5 exd5 19. Bh4 g5 20. Bg3 b5 21. exf6 Bxf6 22. Nxc8 Qb7 23. Ne7+ Kh8 24. Rc7 Qb6 25. Nxd5 Qxd4 26. Qxd4 Bxd4 27. Rxd7 Bxb2 28. Ree7 Rac8 29. Rxh7+ Kg8 30. h3 a5 31. Bd6 Rc1+ 32. Kh2 Rxf2 33. Rh5 Bf6 34. Nxf6+ Rxf6 35. Rxg5+ Kh8 36. Be5 Rc2 37. Bxf6# 1-0